 Dungeon Crawl Stone Soup version 0.29-a0-334-gb41bcbb86e (webtiles) character file.

Game seed: 8523333312957743331

280 pascalblue the Magician (level 6, -5/32 HPs)
             Began as a Deep Elf Hedge Wizard on Apr 13, 2022.
             Killed by divine providence
             ... invoked by an orc priest
              (14 damage)
             ... on level 3 of the Dungeon.
             The game lasted 00:10:43 (3060 turns).

pascalblue the Magician (Deep Elf Hedge Wizard)     Turns: 3060, Time: 00:10:44

Health: -5/32      AC:  3    Str:  7    XL:     6   Next: 5%
Magic:  9/16       EV: 12    Int: 21    God:
Gold:   177        SH:  0    Dex: 14    Spells: 8/16 levels left

rFire   . . .      SeeInvis .   t - +0 dagger (speed)
rCold   . . .      Faith    .   (no shield)
rNeg    . . .      Spirit   .   b - +0 robe
rPois   .          Reflect  .   c - +1 hat
rElec   .          Harm     .   (no cloak)
rCorr   .          Rampage  .   (no gloves)
Will    .....                   (no boots)
Stlth   ++........              (no amulet)
HPRegen 0.10/turn               (no ring)
MPRegen 0.15/turn               (no ring)

@: no status effects
A: no striking features
a: no special abilities


You were on level 3 of the Dungeon.
You visited 1 branch of the dungeon, and saw 3 of its levels.

You collected 177 gold pieces.

Inventory:

Hand Weapons
 a - a +0 dagger
 e - a +0 dagger
 g - a +0 short sword
 p - a +0 whip
 t - a +0 dagger of speed (weapon)
Missiles
 f - 92 stones
 h - 8 poisoned darts
 o - a throwing net
Armour
 b - a +0 robe (worn)
 c - a +1 hat (worn)
Magical Staves
 n - a staff of cold
Jewellery
 l - a +4 ring of protection
Scrolls
 i - 2 scrolls of teleportation
 j - a scroll of identify {unknown}
 m - 2 scrolls of fear
 q - a scroll of torment {unknown}
Potions
 d - a potion of magic
 k - a potion of ambrosia {unknown}
 r - a potion of lignification {unknown}
 s - 2 potions of cancellation {unknown}
 u - a potion of heal wounds {unknown}


   Skills:
 - Level 2.4 Dodging
 - Level 2.4 Stealth
 + Level 5.5 Spellcasting
 * Level 4.3 Conjurations
 - Level 2.0 Summonings
 - Level 2.0 Translocations
 + Level 1.8 Air Magic
 + Level 2.1 Poison Magic


You had 8 spell levels left.
You knew the following spells:

 Your Spells              Type           Power      Damage    Failure   Level
a - Magic Dart            Conj           96%        1d7       1%          1
b - Mephitic Cloud        Conj/Pois/Air  17%        N/A       10%         3
c - Blink                 Tloc           28%        N/A       7%          2
d - Call Imp              Summ           14%        N/A       7%          2

Your spell library contained the following spells:

 Spells                   Type           Power      Damage    Failure   Level
 Animate Skeleton         Necr           10%        N/A       11%         1
 Pain                     Necr           20%        1d5       11%         1
 Slow                     Hex            20%        N/A       11%         1
 Conjure Flame            Conj/Fire      14%        6-21      13%         3
 Vampiric Draining        Necr           5%         2d6       30%         3


Dungeon Overview and Level Annotations

Branches:
Dungeon (3/15)

Altars:

Shops:
D:2 :?![


Message History

The orc barely misses your crimson imp.
Your crimson imp hits the orc but does no damage.
The orc closely misses your crimson imp.
Your crimson imp hits the orc but does no damage.
The orc hits your crimson imp with a +0 dagger.
Your crimson imp barely misses the orc.
The orc hits your crimson imp with a +0 dagger.
Your crimson imp hits the orc but does no damage.
The orc hits your crimson imp with a +0 dagger.
Your crimson imp hits the orc but does no damage.
The orc hits your crimson imp with a +0 dagger.
Your crimson imp barely misses the orc.
The orc hits your crimson imp but does no damage.
Your crimson imp barely misses the orc.
The orc misses your crimson imp.
Your crimson imp hits the orc but does no damage.
The orc hits your crimson imp with a +0 dagger.
Your crimson imp hits the orc.
The orc barely misses your crimson imp.
Your crimson imp barely misses the orc.
The orc hits your crimson imp but does no damage.
Your crimson imp hits the orc but does no damage.
The orc misses your crimson imp.
Your crimson imp hits the orc but does no damage.
The orc hits your crimson imp but does no damage.
Your crimson imp blinks!
What are your orders? t - Shout!
Orders for allies: a - Attack new target. p - Attack previous target. r - Retreat! s - Stop attacking. g - Guard the area. f - Follow me.
Anything else - Cancel.
Gang up on whom?
Press: ? - help, Dir - move target, f/p - orc
Aim: an orc, wielding a +0 dagger and wearing a +0 scale mail (moderately wounded, ally target) Attack!
The orc closely misses your crimson imp.
Your crimson imp hits the orc but does no damage.
The orc priest invokes the aid of Beogh against you.
Beogh smites you!
You die...

#o# #.# #. ####### #.# #.
...... #)# #.
#####..###### #.# #.
..#.......... #.# .
#.#####.#.#.###### #.#
..#.<...#.#.#....# #.#
......#.#.#.#.##@# #.#
......#.#.#.#.##.# #o#
#####.#.#...#.##.# #.#
............#.##5# #.#
###.#.#.###.#.##o#######.#
..<.#.#.....#.##.o...5oo.#
#####.#.#...#.############
#.#######.# #.........#


You could see an orc priest, an orc (ally target) and a friendly crimson imp
(summoned).

Vanquished Creatures
  A black bear (D:2)
  A howler monkey (D:2)
  Jessica (D:2)
  An orc wizard (D:3)
  3 gnolls
  An adder (D:2)
  3 dart slugs
  A worm (D:2)
  3 endoplasms
  7 goblins (D:2)
  5 hobgoblins
  2 jackals (D:1)
  A quokka (D:1)
  4 ball pythons (D:1)
  4 bats (D:1)
  7 frilled lizards
  6 kobolds
  3 rats
54 creatures vanquished.

Vanquished Creatures (collateral kills)
  2 orcs (D:3)
  A goblin (D:3)
3 creatures vanquished.

Grand Total: 57 creatures vanquished

Notes
Turn   | Place    | Note
-------+----------+-------------------------------------------
     0 | D:1      | pascalblue the Deep Elf Hedge Wizard began the quest for
                  | the Orb.
     0 | D:1      | Reached XP level 1. HP: 10/10 MP: 7/7
   324 | D:1      | Reached XP level 2. HP: 14/15 MP: 7/9
   941 | D:1      | Reached XP level 3. HP: 15/19 MP: 4/11
   945 | D:1      | Learned a level 3 spell: Mephitic Cloud
   948 | D:1      | Learned a level 2 spell: Blink
  1685 | D:2      | Reached XP level 4. HP: 24/24 MP: 9/12
  1687 | D:2      | Reached skill level 5 in Spellcasting
  1856 | D:2      | Learned a level 2 spell: Call Imp
  1972 | D:2      | Found Aser's Book Emporium.
  2154 | D:2      | Found Azxumn's Distillery.
  2159 | D:2      | Found Duatone's Magic Scroll Shop.
  2167 | D:2      | Noticed Jessica
  2177 | D:2      | Killed Jessica
  2178 | D:2      | Reached skill level 1 in Poison Magic
  2250 | D:2      | Reached skill level 1 in Air Magic
  2250 | D:2      | Reached XP level 5. HP: 21/28 MP: 7/14
  2459 | D:2      | Found Zizut's Armour Shop.
  2500 | D:2      | Noticed a black bear
  2528 | D:2      | Killed a black bear
  2993 | D:3      | Reached XP level 6. HP: 24/32 MP: 7/16
  3060 | D:3      | Killed from afar by an orc priest

Illustrated notes

Levels and vault maps discovered:
D:1:      lemuel_arrival_behind_the_door_small, layout_loops_ring
D:2:      minmay_wonky_spiral, layout_loops_ring, serial_shops, shop,
          nicolae_shop_stone, nicolae_shop_hallway_plus, shop, uniq_jessica
D:3:      layout_basic, minmay_rat_hole

Skill      XL: |  1  2  3  4  5 |
---------------+----------------+-----
Conjurations   | 2 3 4 |  4.3
Summonings     | 2 |  2.0
Spellcasting   | 5 |  5.5
Poison Magic   | 1 2 |  2.1
Translocations | 2 |  2.0
Air Magic      | 1 |  1.8
Dodging        | |  2.4
Stealth        | |  2.4

Action                   |  1- 3 |  4- 6 || total
-------------------------+-------+-------++-------
Melee: Short sword       |     2 |       ||     2
 Cast: Magic Dart        |    79 |    64 ||   143
       Mephitic Cloud    |     1 |     1 ||     2
       Blink             |     1 |       ||     1
       Call Imp          |       |     4 ||     4
  Use: Scroll            |       |     5 ||     5
Armor: Robe              |     2 |     4 ||     6
Dodge: Dodged            |    17 |    24 ||    41

Table legend: (Time is in decaauts)
 A = Elapsed time spent in this place.
 B = Non-inter-level travel time spent in this place.
 C = Inter-level travel time spent in this place.
 D = Time resting spent in this place.
 E = Time spent auto-exploring this place.
 F = Levels seen in this place.
 G = Mean time per level.
                   A        B        C        D        E       F      G
               +--------+--------+--------+--------+--------+-----+--------+
         Total |   3060 |   3005 |     55 |    499 |   2027 |   3 | 1020.0 |
       Dungeon |   3060 |   3005 |     55 |    499 |   2027 |   3 | 1020.0 |
               +--------+--------+--------+--------+--------+-----+--------+

Top non-repeatable levels by time:
     D:1: 1672 daAuts
     D:2: 1240 daAuts
     D:3: 147 daAuts
